Map: [ESL] Altitude

Players

trigger - Winner!

  • Race: Protoss Protoss
  • Spawn Location: 1:00

Mixu

  • Race: Zerg Zerg
  • Spawn Location: 7:00

Event: ESL SC2 Masters 2023 Summer (Finals)

VOD

Have the link to the VOD?

Description

Time

  • Played on: June 16, 2023, 10:08 a.m.
  • Length: 12:47

All games in this series

Show
View Real Time Build Order
Export as new Build Order

trigger Protoss - Winner!

Build Orders: 1 Gate Expand, Oracle Opening 

Get SALT Encoding   

  12  0:00  Probe  
  13  0:12  Probe  
  14  0:19  Pylon  
  14  0:24  Probe  
  15  0:37  Probe (Chrono Boost)  
  15  0:40  Gateway  
  16  0:46  Probe (Chrono Boost)  
  17  0:50  Assimilator  
  17  0:51  Probe (Chrono Boost)  
  18  1:03  Probe  
  19  1:15  Probe  
  20  1:27  Nexus  
  20  1:38  Cybernetics Core  
  20  1:42  Probe  
  21  1:48  Assimilator  
  21  1:54  Probe  
  22  1:58  Pylon  
  22  2:05  Probe  
  23  2:13  Probe  
  23  2:14  Adept (Chrono Boost)  
  23  2:21  Probe, Stargate  
  26  2:27  Warp Gate  
  27  2:34  Probe (Chrono Boost)  
  28  2:39  Adept  
  28  2:41  Probe (Chrono Boost)  
  31  2:51  Probe x2 (Chrono Boost)  
  33  2:59  Probe  
  33  3:00  Probe  
  33  3:02  Oracle (Chrono Boost)  
  38  3:11  Probe, Gateway  
  39  3:13  Probe  
  39  3:17  Pylon  
  40  3:23  Probe  
  30  3:27  Adept  
  41  3:28  Probe  
  41  3:33  Oracle (Chrono Boost)  
  43  3:35  Probe  
  43  3:40  Probe  
  48  3:48  Probe  
  49  3:59  Probe  
  49  4:01  Probe  
  49  4:02  Oracle (Chrono Boost)  
  49  4:05  Nexus  
  52  4:10  Pylon  
  52  4:11  Probe  
  52  4:13  Probe  
  52  4:16  Assimilator  
  54  4:23  Twilight Council  
  54  4:26  Pylon  
  54  4:28  Probe x2  
  56  4:40  Probe  
  56  4:41  Stalker x2  
  56  4:42  Probe  
  59  4:46  Gateway  
  59  4:48  Gateway  
  59  4:51  Blink (Chrono Boost)  
  59  4:52  Probe  
  59  4:54  Probe  
  59  4:57  Pylon  
  61  5:05  Probe  
  62  5:07  Stalker  
  62  5:10  Stalker  
  62  5:12  Probe  
  67  5:17  Probe, Shield Battery  
  67  5:18  Probe  
  70  5:29  Probe, Gateway  
  70  5:31  Gateway  
  70  5:35  Stalker x2  
  74  5:36  Probe  
  74  5:37  Probe  
  74  5:42  Pylon  
  76  5:43  Stalker  
  76  5:46  Stalker  
  80  5:51  Probe x2  
  80  5:52  Probe, Pylon  
  83  6:00  Stalker  
  83  6:01  Stalker  
  87  6:06  Forge  
  87  6:09  Stalker x2  
  91  6:18  Pylon x2  
  91  6:20  Gateway  
  91  6:27  Stalker x3  
  97  6:34  Stalker x2  
  97  6:35  Stalker  
  97  6:39  Probe  
  102  6:47  Protoss Ground Weapons Level 1 (Chrono Boost)  
  102  6:51  Probe  
  103  6:57  Probe  
  104  7:01  Stalker x2  
  104  7:03  Probe  
  104  7:04  Nexus  
  104  7:05  Pylon  
  104  7:07  Probe  
  110  7:13  Stalker x2  
  110  7:15  Probe  
  115  7:18  Pylon  
  115  7:27  Probe  
  114  7:30  Probe  
  114  7:32  Stalker x3  
  114  7:34  Probe, Gateway  
  122  7:38  Gateway  
  118  7:47  Charge (Chrono Boost)  
  118  7:49  Probe  
  118  7:51  Probe  
  116  7:53  Photon Cannon  
  116  7:55  Gateway  
  116  7:56  Forge  
  116  7:57  Probe  
  116  7:58  Pylon, Gateway  
  117  8:01  Zealot x7  
  117  8:04  Probe  
  132  8:07  Probe  
  132  8:09  Probe, Pylon  
  132  8:16  Probe  
  132  8:19  Probe, Protoss Ground Armor Level 1 (Chrono Boost)  
  133  8:20  Probe  
  133  8:25  Probe  
  131  8:28  Probe  
  131  8:29  Zealot x6  
  131  8:30  Zealot  
  131  8:33  Probe  
  131  8:34  Probe, Assimilator  
  148  8:38  Probe, Assimilator  
  149  8:41  Probe  
  149  8:44  Protoss Ground Weapons Level 2 (Chrono Boost)  
  149  8:48  Probe  
  147  8:54  Stalker x7  
  155  8:59  Probe  
  150  9:16  Pylon  
  144  9:17  Nexus  
  142  9:24  Stalker x3  
  142  9:25  Stalker x2  
  142  9:27  Zealot x4  
  160  9:37  Zealot x2  
  158  9:40  Photon Cannon  
  158  9:41  Probe, Photon Cannon  
  158  9:43  Pylon, Shield Battery  
  157  9:47  Zealot x4  
  157  9:48  Zealot x2  
  169  9:53  Probe x3  
  169  9:55  Pylon  
  172  10:01  Probe  
  173  10:13  Pylon x2, Zealot x5  
  181  10:15  Nexus  
  181  10:19  Robotics Facility  
  162  10:25  Nexus  
  162  10:26  Probe x4  
  164  10:38  Probe, Pylon  
  164  10:39  Probe x2  
  165  10:46  Templar Archives  
  149  10:52  Stalker x9  
  149  10:56  Stalker  
  161  10:59  Photon Cannon  
  161  11:04  Zealot  
  163  11:09  Gateway  
  163  11:10  Gateway  
  163  11:14  Gateway  
  159  11:31  Zealot x11  
  181  11:34  Warp Prism (Chrono Boost)  
  183  11:44  Shield Battery  
  179  11:59  Zealot x11  
  197  12:08  Stalker x2  
  199  12:12  Zealot  
  192  12:25  Zealot x2  
  192  12:26  Stalker x4  
  192  12:29  Probe  
  189  12:30  Probe x3  
  187  12:40  Zealot x6  
Show
View Real Time Build Order
Export as new Build Order

Mixu Zerg 

Build Orders: Hatch First 

Get SALT Encoding   

  12  0:00  Drone  
  13  0:12  Overlord  
  13  0:17  Drone  
  14  0:30  Drone x2  
  16  0:43  Drone  
  17  0:52  Hatchery  
  17  0:56  Drone  
  17  0:59  Drone  
  18  1:09  Extractor  
  17  1:15  Spawning Pool  
  16  1:19  Drone  
  16  1:20  Drone  
  18  1:28  Drone  
  19  1:38  Drone  
  20  1:51  Overlord  
  20  2:01  Queen  
  20  2:04  Queen, Drone  
  20  2:05  Zergling x2  
  26  2:12  Zergling x2, Metabolic Boost  
  27  2:16  Drone  
  28  2:24  Drone  
  28  2:27  Drone  
  30  2:38  Hatchery  
  30  2:43  Drone  
  30  2:44  Drone  
  30  2:50  Queen  
  33  2:55  Overlord  
  32  2:59  Drone  
  32  3:01  Zergling x2  
  32  3:02  Zergling x2  
  35  3:11  Drone  
  36  3:13  Drone x3  
  36  3:15  Overlord  
  39  3:20  Queen  
  39  3:25  Drone x2  
  39  3:26  Drone  
  44  3:33  Queen  
  46  3:38  Drone x2  
  46  3:39  Overlord  
  47  3:49  Drone x4  
  47  3:53  Spore Crawler  
  47  3:55  Drone x2  
  52  4:00  Drone x2  
  52  4:02  Spore Crawler  
  50  4:04  Drone  
  50  4:09  Drone x3  
  54  4:13  Drone x2  
  56  4:19  Evolution Chamber  
  56  4:20  Overlord  
  56  4:21  Drone  
  56  4:28  Drone x2  
  56  4:29  Drone x3  
  61  4:33  Drone  
  60  4:41  Drone x3  
  60  4:43  Drone  
  63  4:48  Hatchery  
  63  4:49  Zerg Melee Weapons Level 1  
  63  4:50  Zergling x2  
  61  4:53  Drone x3  
  61  4:56  Drone  
  65  5:03  Drone x3, Lair  
  65  5:05  Drone  
  65  5:07  Extractor, Overlord  
  67  5:15  Queen  
  67  5:18  Overlord  
  67  5:19  Drone x2  
  71  5:22  Roach Warren  
  71  5:27  Drone x5  
  71  5:28  Drone x3  
  76  5:30  Drone  
  76  5:35  Zergling x2  
  80  5:41  Extractor, Overlord  
  80  5:42  Zergling x8  
  83  5:44  Queen  
  83  5:46  Spine Crawler  
  83  5:47  Zergling x6  
  87  5:51  Queen  
  87  5:53  Overlord, Spore Crawler  
  87  5:55  Zergling x2  
  89  6:02  Zergling x12  
  95  6:08  Zergling x2  
  95  6:11  Overlord  
  95  6:13  Zergling x8  
  99  6:20  Queen, Zergling x10  
  104  6:31  Zergling x18  
  111  6:34  Queen  
  111  6:36  Zergling x6  
  114  6:43  Zergling x2  
  114  6:46  Zergling x2  
  113  6:50  Hatchery  
  113  6:52  Overlord x2  
  110  6:55  Zergling x6  
  110  6:59  Zergling x8  
  110  7:00  Hatchery  
  109  7:05  Zerg Melee Weapons Level 2  
  109  7:06  Zergling x2  
  109  7:07  Zergling x6  
  108  7:09  Zergling x2  
  108  7:13  Zergling x2  
  103  7:17  Zergling x4  
  103  7:18  Queen  
  103  7:21  Zergling x8  
  109  7:30  Queen  
  109  7:32  Zergling x4  
  109  7:36  Roach x3  
  119  7:40  Overlord  
  119  7:43  Roach  
  120  7:50  Drone x3  
  121  7:53  Overlord  
  121  8:00  Baneling Nest  
  121  8:01  Overlord  
  121  8:02  Evolution Chamber  
  121  8:03  Roach, Infestation Pit  
  121  8:04  Roach  
  118  8:11  Roach  
  117  8:14  Roach x2  
  118  8:20  Roach  
  118  8:21  Pneumatized Carapace  
  118  8:25  Roach x2  
  120  8:31  Roach  
  122  8:34  Roach x3  
  122  8:35  Roach x7  
  122  8:36  Extractor  
  122  8:39  Extractor  
  122  8:40  Overlord  
  140  8:44  Zergling x2  
  138  8:50  Zergling x8  
  138  8:54  Zergling x2  
  136  8:57  Zergling x4  
  136  9:01  Glial Reconstitution  
  133  9:04  Drone x11  
  133  9:06  Extractor  
  133  9:07  Zergling x6  
  144  9:12  Zergling x2  
  144  9:13  Centrifugal Hooks  
  144  9:16  Hatchery  
  139  9:17  Zergling x6  
  138  9:27  Roach x3  
  140  9:31  Zergling x2  
  140  9:36  Zergling x18  
  140  9:38  Queen x2, Spore Crawler  
  140  9:41  Zergling x8  
  140  9:42  Baneling  
  140  9:43  Baneling x4  
  146  9:47  Zergling x6  
  146  9:51  Zergling x2  
  150  9:53  Zergling x2  
  150  9:57  Zergling x2  
  150  10:02  Hatchery  
  150  10:03  Baneling x7  
  150  10:05  Zergling x10  
  150  10:06  Queen  
  154  10:10  Zergling x8  
  146  10:25  Zergling x14  
  146  10:27  Zerg Missile Weapons Level 1  
  146  10:28  Zergling x10  
  146  10:32  Queen  
  146  10:34  Zergling x2  
  154  10:38  Zergling x6  
  152  10:43  Hatchery  
  152  10:45  Zergling x2  
  152  10:48  Roach x2  
  147  10:50  Baneling  
  147  10:51  Baneling x5  
  147  10:52  Zergling x6  
  147  10:55  Ravager x2  
  150  10:57  Hive  
  150  10:58  Zergling x16  
  150  11:03  Zergling x6  
  158  11:07  Zergling x2  
  158  11:09  Overlord  
  158  11:10  Overlord x2  
  158  11:17  Zergling x4  
  157  11:20  Baneling x3  
  157  11:23  Zergling x18  
  157  11:27  Baneling x7  
  157  11:28  Queen, Zergling x10  
  164  11:34  Overlord  
  163  11:41  Zergling x6  
  163  11:44  Hatchery  
  164  11:47  Zergling x4  
  164  11:50  Baneling x3  
  164  11:52  Zergling x4  
  164  11:54  Queen  
  164  11:55  Zergling x2  
  164  11:57  Zergling x6  
  157  12:02  Zergling x6  
  157  12:04  Queen  
  157  12:07  Zergling x14  
  166  12:14  Zergling x6  
  156  12:21  Zergling x6  
  152  12:28  Zergling x4  
  153  12:30  Baneling x9  
Tags
 
Add a new tag
Caveats
  • Supply blocks, unpowered buildings, or Contaminate may cause inaccurate times.
  • Supply counts are checked every 10 seconds.